 Dungeon Crawl Stone Soup version 0.31-a0-202-g547052bce9 (webtiles) character file.

Game seed: 861104152834518280

1889 qw the Skirmisher (level 8, -1/46 HPs)
             Began as a Deep Elf Hunter on June 26, 2023.
             Slain by a killer bee (6 damage)
             ... on level 6 of the Dungeon.
             The game lasted 00:01:47 (4358 turns).

qw the Skirmisher (Deep Elf Hunter)                 Turns: 4358, Time: 00:01:48

Health: -1/46      AC:  6    Str: 10    XL:     8   Next: 92%
Magic:  10/10      EV: 12    Int: 15    God:
Gold:   192        SH:  0    Dex: 18    Spells: 7/7 levels left

rFire   . . .        Y - +0 shortbow (drain)
rCold   + . .        (shield currently unavailable)
rNeg    . . .        n - +4 ring mail {rC+}
rPois   .            (no helmet)
rElec   .            (no cloak)
rCorr   .            (no gloves)
SInv    +            (no boots)
Will    .....        (no amulet)
Stlth   +            (no ring)
HPRegen 0.27/turn    (no ring)
MPRegen 0.12/turn

%: no passive effects
@: lethally poisoned (-1 -> -36)
A: see invisible, deformed body, noise suppression
a: no special abilities


You were on level 6 of the Dungeon.
You visited 2 branches of the dungeon, and saw 7 of its levels.

You collected 313 gold pieces.
You spent 121 gold pieces at shops.


Innate Abilities, Weirdness & Mutations

You have supernaturally acute eyesight. (SInv)
Armour fits poorly on your strangely shaped body.
You passively dampen the noise of your surroundings.


   Skills:
 - Level 3.0 Fighting
 - Level 14.2 Ranged Weapons
 - Level 1.5 Armour
 + Level 4.6 Dodging
 - Level 1.2 Stealth


You had 7 spell levels left.
You didn't know any spells.
Your spell library was empty.

Inventory:

Hand Weapons
 Y - a +0 shortbow of draining (weapon)
Armour
 i - a +0 pair of boots
 m - a +2 pair of gloves
 n - a +4 ring mail of cold resistance (worn)
Jewellery
 a - the ring "Afiviulee" {Ice Str+2 Int+3}
   (You found it on level 5 of the Dungeon)

   [ring of ice]

   It enhances your ice magic.
   Str:       It affects your strength (+2).
   Int:       It affects your intelligence (+3).
   rF:        It makes you vulnerable to fire.
   rC:        It protects you from cold.
Wands
 c - a wand of digging (5)
Scrolls
 b - a scroll of amnesia {unknown}
 d - a scroll of identify
Potions
 e - 2 potions of enlightenment
 f - a potion of brilliance {unknown}
 g - 3 potions of curing
 h - a potion of lignification {unknown}
 j - a potion of mutation
 k - a potion of invisibility {unknown}
 l - a potion of haste {unknown}

Dungeon Overview and Level Annotations

Branches:
Dungeon (6/15)             Temple (1/1) D:4

Altars:
Ashenzari
Cheibriados
Dithmenos
Hepliaklqana
Nemelex Xobeh
Qazlal
Ru
Wu Jian
Xom

Shops:
D:1 :   D:4 [!((   D:6 [


Message History

An adder comes into view.
The killer bee closely misses you.
You shoot an arrow. The adder hisses angrily.
The arrow hits the killer bee.
You drain the killer bee.
The killer bee is severely wounded.
You shoot an arrow. The arrow misses the killer bee.
The killer bee barely misses you. x2; The killer bee misses you.
The killer bee closely misses you. The killer bee barely misses you.
You shoot an arrow. The arrow hits the killer bee.
You drain the killer bee.
You kill the killer bee!
The killer bee closely misses you. The killer bee stings you.
You are poisoned.
The killer bee poisons you! The killer bee stings you.
You are more poisoned.
The killer bee poisons you! The killer bee barely misses you.
The killer bee closely misses you.
You shoot an arrow. The arrow barely misses the killer bee.
You feel very sick. The killer bee stings you. x2
You are more poisoned.
The killer bee poisons you! The killer bee closely misses you.
The killer bee stings you but does no damage.
You shoot an arrow. The arrow hits the killer bee!
You drain the killer bee.
The killer bee is almost dead.
You feel very sick. The killer bee stings you. x3
The killer bee stings you but does no damage.
The killer bee closely misses you. The killer bee stings you.
You are lethally poisoned!
The killer bee poisons you! The killer bee stings you!
The killer bee barely misses you.
You shoot an arrow. The arrow hits the killer bee!
You kill the killer bee!
You feel very sick. The killer bee stings you.
You are more poisoned.
The killer bee poisons you! The killer bee completely misses you.
The killer bee stings you.
You die...

#.#..#.>.#.##.#
#....#...#.##.#
###..#.\.#.##)#
##.#...#.##.#
#.#####.##.#
##......##)#
##........#
#.###.####
#y@##.# #yy%#.#
.S..>..#
.......###
.........#
.........#
.######.## #.#


You could see 3 killer bees and an adder.

Vanquished Creatures
  Grinder (D:6)
  Sigmund (D:2)
  2 water moccasins
  2 sky beasts (D:4)
  A black bear (D:5)
  An ice beast (D:6)
  A phantom (D:4)
  A bullfrog (D:6)
  3 scorpions
  3 killer bees (D:6)
  A howler monkey (D:3)
  3 electric eels (D:6)
  An orc priest (D:4)
  4 hounds (D:5)
  Jessica (D:2)
  A sleepcap (D:5)
  3 gnolls (D:2)
  6 adders
  A shadow imp (D:6)
  3 white imps
  2 ufetubi (D:5)
  3 worms
  2 dart slugs
  6 orcs
  4 ball pythons
  2 bats (D:1)
  5 endoplasms
  A giant cockroach (D:2)
  8 goblins
  4 hobgoblins
  7 jackals
  5 kobolds
  5 quokkas
  A frilled lizard (D:1)
  7 rats
102 creatures vanquished.

Notes
Turn   | Place    | Note
-------+----------+-------------------------------------------
     0 | D:1      | qw the Deep Elf Hunter began the quest for the Orb.
     0 | D:1      | Reached XP level 1. HP: 12/12 MP: 3/3
     0 | D:1      | 0 ||| qw: Version: 0.3-a-22-g0ed2b0b
     0 | D:1      | 0 ||| qw: Game counter: 5891
     0 | D:1      | 0 ||| qw: Melee chars always use a shield: true
     0 | D:1      | 0 ||| qw: God list: Okawaru
     0 | D:1      | 0 ||| qw: Allow faded altars: false
     0 | D:1      | 0 ||| qw: Do Orc after clearing Dungeon:15 true
     0 | D:1      | 0 ||| qw: Do second Lair branch before Depths: true
     0 | D:1      | 0 ||| qw: Lair rune preference: random
     0 | D:1      | 0 ||| qw: Goals: Normal
     0 | D:1      | 0 ||| PLANNING D:1-11
   192 | D:1      | Reached XP level 2. HP: 16/16 MP: 4/4
   228 | D:1      | Reached skill level 6 in Ranged Weapons
   251 | D:1      | Found Kelocik's Book Shop.
   690 | D:1      | 690 ||| READING scroll labelled HYIBRU GUFE.
   691 | D:1      | 691 ||| READING scroll labelled YLIL CELUHI HOFRA.
   692 | D:1      | 692 ||| DRINKING 2 smoky dark potions.
   693 | D:1      | 693 ||| DROPPING scroll of butterflies.
   725 | D:2      | Reached XP level 3. HP: 20/20 MP: 5/5
   731 | D:2      | Reached skill level 7 in Ranged Weapons
   849 | D:2      | Found a faded altar of an unknown god.
   924 | D:2      | Reached XP level 4. HP: 23/25 MP: 6/6
   977 | D:2      | Found a sparkling altar of Nemelex Xobeh.
  1033 | D:2      | Noticed Jessica
  1037 | D:2      | Killed Jessica
  1038 | D:2      | Reached skill level 8 in Ranged Weapons
  1262 | D:2      | Noticed Sigmund
  1266 | D:2      | Killed Sigmund
  1267 | D:2      | Reached skill level 9 in Ranged Weapons
  1267 | D:2      | Reached XP level 5. HP: 29/29 MP: 7/7
  1267 | D:2      | Reached XP level 6. HP: 34/34 MP: 8/8
  1279 | D:2      | Identified the +1 leather armour of Yleiboxe {-Tele rN+++
                  | Dex+4}
  1421 | D:2      | 1421 ||| READING scroll labelled QINOST VUVVILAOZ.
  1422 | D:2      | 1422 ||| READING 2 scrolls labelled VOOQOTSUKHLEE.
  1423 | D:2      | 1423 ||| READING 2 scrolls labelled SAIXKUX HISHAR.
  1424 | D:2      | 1424 ||| READING scroll labelled ICRAIDOOMM.
  1425 | D:2      | 1425 ||| DROPPING scroll of blinking.
  1822 | D:3      | Reached skill level 3 in Dodging
  2138 | D:3      | 2138 ||| DROPPING ring of magical power.
  2139 | D:3      | 2139 ||| DRINKING 2 viscous puce potions.
  2139 | D:3      | Gained mutation: Armour fits poorly on your strangely
                  | shaped body. [potion of mutation]
  2139 | D:3      | Gained mutation: You have supernaturally acute eyesight.
                  | (SInv) [potion of mutation]
  2139 | D:3      | Gained mutation: You passively dampen the noise of your
                  | surroundings. [potion of mutation]
  2193 | D:4      | HP: 7/35 [phantom (8)]
  2196 | D:4      | 2196 ||| FLEEEEING.
  2197 | D:4      | 2197 ||| FLEEEEING.
  2203 | D:4      | 2203 ||| STAIRDANCE
  2342 | D:4      | Found Sifuoz's Distillery.
  2347 | D:4      | Found Rucry's Antique Armour Shop.
  2348 | D:4      | Found Xiboesos's Weapon Shop.
  2348 | D:4      | Found Uffaul's Antique Weapon Shoppe.
  2348 | D:4      | Noticed a sky beast
  2356 | D:4      | Killed a sky beast
  2357 | D:4      | Reached skill level 10 in Ranged Weapons
  2357 | D:4      | Reached XP level 7. HP: 40/40 MP: 9/9
  2360 | D:4      | 2360 ||| BUYING scale mail (88 gold).
  2360 | D:4      | Bought a scale mail for 88 gold pieces
  2360 | D:4      | 2360 ||| SHOPLISTING shiny scale mail (154 gold, have 32).
  2448 | D:4      | 2448 ||| SHOPLISTING arbalest (139 gold, have 54).
  2459 | D:4      | HP: 10/40 [poisoned by a scorpion]
  2596 | D:4      | 2596 ||| BUYING potion of curing (33 gold).
  2596 | D:4      | Bought a potion of curing for 33 gold pieces
  2596 | D:4      | 2596 ||| SHOPLISTING potion of curing (33 gold, have 21).
  2596 | D:4      | 2596 ||| SHOPLISTING potion of haste (110 gold, have 21).
  2596 | D:4      | 2596 ||| SHOPLISTING potion of heal wounds (55 gold, have
                  | 21).
  2596 | D:4      | 2596 ||| SHOPLISTING potion of might (44 gold, have 21).
  2596 | D:4      | 2596 ||| SHOPLISTING potion of resistance (110 gold, have
                  | 21).
  2743 | D:4      | 2743 ||| UPGRADING to +0 scale mail.
  2753 | D:4      | 2753 ||| DROPPING +0 leather armour.
  2754 | D:4      | 2754 ||| UPGRADING to +3 ring mail of cold resistance.
  2764 | D:4      | 2764 ||| DROPPING +0 scale mail.
  2765 | D:4      | 2765 ||| READING scroll of enchant armour.
  2765 | D:4      | 2765 ||| ENCHANTING +3 ring mail of cold resistance.
  2766 | D:4      | 2766 ||| DROPPING +1 leather armour of Yleiboxe {-Tele
                  | rN+++ Dex+4}.
  2768 | D:4      | 2768 ||| DROPPING amulet of magic regeneration.
  2769 | D:4      | 2769 ||| READING scroll labelled DIEDOMN JIHY.
  2808 | D:4      | 2808 ||| FLEEEEING.
  2809 | D:4      | 2809 ||| FLEEEEING.
  2810 | D:4      | 2810 ||| FLEEEEING.
  2811 | D:4      | 2811 ||| FLEEEEING.
  2812 | D:4      | 2812 ||| FLEEEEING.
  2813 | D:4      | 2813 ||| FLEEEEING.
  2814 | D:4      | 2814 ||| FLEEEEING.
  2969 | D:4      | Found a staircase to the Ecumenical Temple.
  2970 | D:4      | 2970 ||| PLANNING TEMPLE
  2973 | D:4      | Reached skill level 11 in Ranged Weapons
  2973 | D:4      | 2973 ||| READING scroll labelled BAERES UTORI.
  3022 | Temple   | Entered the Ecumenical Temple
  3023 | Temple   | 3023 ||| Stepping randomly (stuck).
  3024 | Temple   | 3024 ||| PLANNING D:1-11
  3098 | D:5      | Entered Level 5 of the Dungeon
  3159 | D:5      | Reached skill level 12 in Ranged Weapons
  3188 | D:5      | Reached skill level 1 in Armour
  3188 | D:5      | Reached XP level 8. HP: 45/45 MP: 10/10
  3211 | D:5      | Identified the ring "Afiviulee" {Ice Str+2 Int+3}
  3268 | D:5      | Reached skill level 3 in Fighting
  3665 | D:5      | 3665 ||| READING scroll labelled RAUH WECROJ.
  3666 | D:5      | 3666 ||| DRINKING 2 orange potions.
  3723 | D:6      | Found Puvvuzei's Antique Armour Boutique.
  3843 | D:6      | Found a broken altar of Ashenzari.
  3872 | D:6      | Reached skill level 13 in Ranged Weapons
  3893 | D:6      | 3893 ||| FLEEEEING.
  3898 | D:6      | 3898 ||| Stepping ~*~*~tactically~*~*~ (water).
  3901 | D:6      | HP: 11/46 [electric eel/bolt of electricity (8)]
  3902 | D:6      | 3902 ||| READING scroll of teleportation.
  4053 | D:6      | Noticed Grinder
  4063 | D:6      | Paralysed by Grinder for 2 turns
  4068 | D:6      | Paralysed by Grinder for 4 turns
  4080 | D:6      | Killed Grinder
  4081 | D:6      | Reached skill level 14 in Ranged Weapons
  4358 | D:6      | HP: 8/46 [poisoned by a killer bee]
  4358 | D:6      | Slain by a killer bee

Levels and vault maps discovered:
D:1:      evilmike_arrival_hilbert_curve, layout_basic, serial_shops, shop
D:2:      layout_basic, ebering_ecumenical_altar_petrified, basic_altar,
          uniq_jessica, uniq_sigmund
D:3:      layout_loops_cross, chequers_big_river, roderic_serpentine_path
D:4:      layout_rooms, minmay_temple_entry_proselytizer, grunt_decor_cap,
          hangedman_decor_push, minivault_25, nicolae_wooded_promenade
D:5:      layout_basic
D:6:      layout_basic, lemuel_coloured_pillars_altar,
          nicolae_overflow_hidden_temple, nicolae_take_the_stairs,
          serial_bayou_lagoon_b, uniq_grinder
Temple:   hellmonk_temple_micro_hex

Skill      XL: |  1  2  3  4  5  6  7  8 |
---------------+-------------------------+-----
Ranged Weapons | 6 7 9 10 12 14 | 14.2
Dodging        | 3 4 |  4.6
Fighting       | 2 3 |  3.0
Armour         | 1 |  1.5
Stealth        | |  1.2

Action                     |  1- 3 |  4- 6 |  7- 9 || total
---------------------------+-------+-------+-------++-------
   Fire: Shortbow          |    67 |    96 |   226 ||   389
    Use: Scroll            |     2 |     4 |     5 ||    11
         Potion            |     1 |     1 |     1 ||     3
 Armour: Leather armour    |    10 |     4 |     1 ||    15
         Ring mail         |       |       |    17 ||    17
  Dodge: Dodged            |    21 |    16 |    69 ||   106

Table legend:
 A = Non-vault XP
 B = Vault XP
 C = Vault XP percentage of total XP
 D = Non-vault monster count
 E = Vault monster count
 F = Vault count percentage of total count
                 A         B        C        D         E       F
            +---------+---------+-------+---------+---------+-------
      Total |    2176 |     586 |  21.2 |      98 |       4 |   3.9
            +---------+---------+-------+---------+---------+-------
        D:1 |      26 |       0 |   0.0 |      16 |       0 |   0.0
        D:2 |     109 |     276 |  71.7 |      19 |       2 |   9.5
        D:3 |      64 |       0 |   0.0 |       6 |       0 |   0.0
        D:4 |     521 |      43 |   7.6 |      21 |       1 |   4.5
        D:5 |     629 |       0 |   0.0 |      22 |       0 |   0.0
        D:6 |     827 |     267 |  24.4 |      14 |       1 |   6.7
            +---------+---------+-------+---------+---------+-------
